 Dungeon Crawl Stone Soup version 0.29-a0-322-g68df515428 (webtiles) character file.

Game seed: 16739534499426354814

8222 kae the Destroyer (level 11, -2/66 HPs)
             Began as a Tengu Fire Elementalist on Apr 7, 2022.
             Was a Believer of Sif Muna.
             Slain by an eight-headed hydra (8 damage)
             ... on level 10 of the Dungeon.
             The game lasted 00:07:17 (13608 turns).

kae the Destroyer (Tengu Fire Elementalist)        Turns: 13608, Time: 00:07:17

Health: -2/66      AC:  9    Str: 17    XL:     11   Next: 27%
Magic:  23/30      EV: 16    Int: 19    God:    Sif Muna [**....]
Gold:   755        SH:  0    Dex: 12    Spells: 5/23 levels left

rFire   + . .      SeeInvis +   f - +11 short sword of Putrescence {vorpal, Fragile rC+ Str+7 Stlth+}
rCold   + . .      Faith    .   (no shield)
rNeg    . . .      Spirit   .   x - +3 ring mail "Talikosu" {SInv}
rPois   .          Reflect  .   (helmet restricted)
rElec   .          Harm     .   (no cloak)
rCorr   .          Rampage  .   (no gloves)
Will    .....                   (boots unavailable)
Stlth   ++........              d - amulet of the acrobat
HPRegen 0.21/turn               o - ring of magical power
MPRegen 0.22/turn               n - ring of protection from fire

@: flying quickly and evasively, quick
A: beak, talons 3, nimble flight, clumsy 1
a: Renounce Religion, Channel Magic


You were on level 10 of the Dungeon.
You worshipped Sif Muna.
Sif Muna was pleased with you.
You visited 2 branches of the dungeon, and saw 11 of its levels.

You collected 755 gold pieces.

Inventory:

Hand Weapons
 f - the +11 short sword of Putrescence (weapon) {vorpal, Fragile rC+ Str+7 Stlth+}
   (You acquired it on level 3 of the Dungeon)

   It inflicts extra damage upon your enemies.
   Str:       It affects your strength (+7).
   rC:        It protects you from cold.
   Fragile:   It will be destroyed if unequipped.
   Stlth:     It makes you more stealthy.
Armour
 a - a +0 robe
 w - +0 steam dragon scales
 x - the +3 ring mail "Talikosu" (worn) {SInv}
   (You found it on level 8 of the Dungeon)

   SInv:      It lets you see invisible.
 y - a +0 buckler
Jewellery
 d - an amulet of the acrobat (around neck)
 e - a +6 ring of dexterity
 n - a ring of protection from fire (right hand)
 o - a ring of magical power (left hand)
 v - a ring of magical power
 z - a +6 ring of intelligence
Wands
 u - a wand of iceblast (15)
Scrolls
 i - 5 scrolls of identify
 k - 7 scrolls of teleportation
 l - 2 scrolls of fear
 q - a scroll of amnesia
 t - 2 scrolls of magic mapping
 B - a scroll of acquirement
 D - a scroll of silence {unknown}
 E - a scroll of fog {unknown}
 F - a scroll of noise {unknown}
 G - a scroll of holy word {unknown}
Potions
 b - 3 potions of magic
 c - a potion of attraction
 g - 3 potions of degeneration
 h - 2 potions of heal wounds
 j - 2 potions of might
 m - a potion of flight
 p - 2 potions of resistance
 r - a potion of haste
 s - 4 potions of brilliance
 A - a potion of curing
 C - a potion of lignification {unknown}


   Skills:
 + Level 6.8 Fighting
 - Level 3.2 Short Blades
 + Level 7.3 Armour
 + Level 7.8 Dodging
 - Level 2.0 Stealth
 + Level 6.5 Spellcasting
 + Level 9.2 Conjurations
 + Level 8.3 Fire Magic


You had 5 spell levels left.
You knew the following spells:

 Your Spells              Type           Power      Damage    Failure   Level
a - Foxfire               Conj/Fire      100%       2x1d9     1%          1
b - Scorch                Fire           74%        2d9       1%          2
c - Conjure Flame         Conj/Fire      39%        6-21      1%          3
d - Inner Flame           Hex/Fire       22%        N/A       10%         3
e - Flame Wave            Conj/Fire      39%        2d9       4%          4
f - Fireball              Conj/Fire      19%        3d9       13%         5

Your spell library contained the following spells:

 Spells                   Type           Power      Damage    Failure   Level
 Magic Dart               Conj           100%       1d8       1%          1
 Searing Ray              Conj           82%        2d7       1%          2
 Iskenderun's Battlesphe  Conj           41%        2d9       11%         5
 Sublimation of Blood     Necr           6%         N/A       26%         2
 Wereblood                Tmut           6%         N/A       26%         2
 Fulminant Prism          Conj/Hex       11%        3d9       26%         4
 Hailstorm                Conj/Ice       23%        3d7       26%         4
 Ice Form                 Ice/Tmut       6%         N/A       87%         4
 Orb of Destruction       Conj           20%        9d8       98%         7
 Conjure Ball Lightning   Conj/Air       11%        3x3d6     99%         6
 Simulacrum               Ice/Necr       3%         N/A       100%        6
 Summon Hydra             Summ           3%         N/A       100%        7


Dungeon Overview and Level Annotations

Branches:
Dungeon (10/15)            Temple (1/1) D:7            Lair (0/6) D:8
    Orc: D:9-12

Altars:
Ashenzari
Cheibriados
Dithmenos
Elyvilon
Fedhas
Gozag
Hepliaklqana
Kikubaaqudgha
Makhleb
Nemelex Xobeh
Okawaru
Qazlal
Ru
Sif Muna
Trog
Uskayaw
Vehumet
Wu Jian
Xom
Yredelemnul
Zin
The Shining One

Shops:
D:5 :   D:7 *   D:10 (


Innate Abilities, Weirdness & Mutations

You have a beak for a mouth.
You have claws for feet.
Your magical nature lets you fly swiftly and evasively.
You are clumsy. (Dex -2)


Message History

Casting: Conjure Flame (safe; 1% risk of failure)
Confirm with . or Enter, or press ? or * to list all spells.
Flames lash the seven-headed hydra.
The seven-headed hydra is moderately wounded.
The seven-headed hydra's fire resistance burns away.
Casting: Scorch (safe; 1% risk of failure)
Confirm with . or Enter, or press ? or * to list all spells.
Flames lash the seven-headed hydra.
The seven-headed hydra is burned terribly!
The seven-headed hydra is heavily wounded.
Casting: Scorch (safe; 1% risk of failure)
Confirm with . or Enter, or press ? or * to list all spells.
Flames lash the eight-headed hydra.
The eight-headed hydra is lightly wounded.
The eight-headed hydra's fire resistance burns away.
The seven-headed hydra is engulfed in blazing flames.
You puncture the seven-headed hydra! You claw the seven-headed hydra.
The seven-headed hydra is almost dead.
The seven-headed hydra closely misses you.
The seven-headed hydra bites you. The seven-headed hydra misses you.
The seven-headed hydra bites you!
The seven-headed hydra barely misses you.
The seven-headed hydra bites you! The seven-headed hydra bites you.
You hit the seven-headed hydra.
Your peck misses the seven-headed hydra.
The seven-headed hydra is almost dead.
The seven-headed hydra completely misses you.
The seven-headed hydra bites you! The seven-headed hydra misses you.
The seven-headed hydra bites you but does no damage.
The seven-headed hydra bites you. The seven-headed hydra misses you.
The seven-headed hydra completely misses you.
The eight-headed hydra is engulfed in blazing flames.
The eight-headed hydra bites you.
* * * LOW HITPOINT WARNING * * *
The eight-headed hydra barely misses you.
The eight-headed hydra bites you!
* * * LOW HITPOINT WARNING * * *
The eight-headed hydra bites you but does no damage.
The eight-headed hydra bites you!
You die...

##..## ... ##..#....# #..##
... ###......# ###.## #.#
#(##....## ##....# ###.###
#.#.....# ##..#.##.
#.....###.##[#..##
#..####...##.....##...#'##..##
#.## ...............)(##..##
#..#### .##.....##...####...#.
##..#.## #.D@..###.##.#....#.
##....# ###D### #.#.....#...
##..## #.# #[##.#..#.## #...##
... ###......... #.#..## (....
##(.>####..#
#.##..####...####...(#.....#
#.###..#.##.##.#..####.###.#
#.........#.#......# #....).
##.####..##[##...#[# ######.


You could see an eight-headed hydra (combustible) and a seven-headed hydra
(combustible).

Vanquished Creatures
  2 two-headed ogres (D:10)
  Pikel (D:7)
  An oklob plant (D:6)
  An efreet (D:10)
  A troll (D:9)
  A slime creature (D:10)
  A hornet (D:9)
  Grinder (D:4)
  A wraith (D:9)
  A yak (D:8)
  3 wyverns
  2 steam dragons
  2 orc warriors
  5 black bears
  4 sky beasts
  An ogre (D:5)
  3 ice beasts
  4 centaurs
  A lemure (D:7)
  2 kobold brigands
  6 bullfrogs
  A scorpion (D:8)
  12 wights
  4 killer bees (D:9)
  5 electric eels (D:10)
  2 howler monkeys (D:8)
  4 crimson imps (D:5)
  A hound (D:7)
  5 orc priests
  2 jellies
  An iguana (D:7)
  A scorpion zombie (D:3)
  A gnoll shaman (D:4)
  6 orc wizards
  A hound zombie (D:3)
  12 gnolls
  5 adders
  A white imp (D:7)
  An ufetubus (D:6)
  An adder zombie (D:3)
  2 adder skeletons (D:3)
  3 dart slugs
  A worm (D:4)
  26 orcs
  3 bats
  9 endoplasms
  2 giant cockroaches (D:2)
  7 goblins
  3 hobgoblins (D:4)
  4 jackals (D:1)
  16 kobolds
  2 quokkas
  6 ball pythons
  A ball python skeleton (D:3)
  A ball python zombie (D:3)
  2 frilled lizards (D:2)
  A jackal skeleton (D:3)
  A quokka skeleton (D:3)
  4 rats
204 creatures vanquished.

Vanquished Creatures (others)
  337 foxfires
  26 fungi
  19 plants
  6 withered plants
388 creatures vanquished.

Grand Total: 592 creatures vanquished

Notes
Turn   | Place    | Note
-------+----------+-------------------------------------------
     0 | D:1      | kae the Tengu Fire Elementalist began the quest for the
                  | Orb.
     0 | D:1      | Reached XP level 1. HP: 10/10 MP: 4/4
   379 | D:1      | Reached XP level 2. HP: 14/16 MP: 3/6
  1246 | D:2      | Reached skill level 1 in Armour
  1367 | D:2      | Reached XP level 3. HP: 20/20 MP: 5/7
  1370 | D:2      | Learned a level 2 spell: Scorch
  1404 | D:2      | Learned a level 3 spell: Conjure Flame
  1479 | D:2      | Reached skill level 1 in Fighting
  1479 | D:2      | Reached skill level 2 in Conjurations
  2008 | D:2      | Reached XP level 4. HP: 25/25 MP: 5/8
  2179 | D:2      | Found a faded altar of an unknown god.
  2347 | D:3      | Identified a scroll of acquirement
  2347 | D:3      | Acquired the +11 short sword of Putrescence {vorpal,
                  | Fragile rC+ Str+7 Stlth+}
  2660 | D:3      | Gained mutation: Your magical nature lets you fly swiftly
                  | and evasively. [Tengu growth]
  2660 | D:3      | Reached XP level 5. HP: 16/29 MP: 9/9
  2661 | D:3      | Gained mutation: You are clumsy. (Dex -2) [potion of
                  | mutation]
  2670 | D:3      | Reached skill level 3 in Conjurations
  2955 | D:3      | Identified the +2 dagger of Slow Death {vorpal, Dex+5}
  3061 | D:3      | Reached XP level 6. HP: 35/35 MP: 11/11
  3399 | D:4      | Noticed a black bear
  3406 | D:4      | Killed a black bear
  3558 | D:4      | Noticed Grinder
  3566 | D:4      | Killed Grinder
  3567 | D:4      | Reached skill level 1 in Short Blades
  3567 | D:4      | Reached skill level 4 in Conjurations
  3567 | D:4      | Reached XP level 7. HP: 34/40 MP: 12/12
  3900 | D:4      | Found a radiant altar of Vehumet.
  3903 | D:4      | Found a stormy altar of Qazlal.
  3906 | D:4      | Found a glowing silver altar of Zin.
  3989 | D:5      | Entered Level 5 of the Dungeon
  4181 | D:5      | Found a broken altar of Ashenzari.
  4430 | D:5      | Found a basalt altar of Yredelemnul.
  4612 | D:5      | Reached skill level 5 in Fire Magic
  4952 | D:5      | Found Fiwu's Book Boutique.
  4972 | D:4      | Reached XP level 8. HP: 33/46 MP: 11/14
  5330 | D:5      | HP: 1/46 [orc priest/divine providence (14)]
  5699 | D:5      | Found a shimmering altar of Xom.
  6171 | D:5      | Reached skill level 5 in Conjurations
  6953 | D:6      | Reached skill level 5 in Dodging
  7105 | D:6      | Found a blossoming altar of Fedhas.
  7119 | D:6      | Noticed an oklob plant
  7238 | D:6      | Reached XP level 9. HP: 52/52 MP: 16/16
  7754 | D:6      | Killed an oklob plant
  7755 | D:6      | Reached skill level 6 in Conjurations
  7829 | D:7      | Reached skill level 5 in Armour
  8841 | D:7      | Reached skill level 5 in Spellcasting
  8854 | D:7      | Found a staircase to the Ecumenical Temple.
  8859 | D:7      | Noticed Pikel
  8904 | D:7      | Killed Pikel
  8905 | D:7      | Reached skill level 5 in Fighting
  8905 | D:7      | Reached skill level 7 in Conjurations
  9044 | D:7      | Found Jawit's Mayhem Merchandise.
  9083 | D:7      | Reached XP level 10. HP: 52/59 MP: 18/18
  9312 | Temple   | Entered the Ecumenical Temple
  9423 | Temple   | Became a worshipper of Sif Muna the Loreminder
 10508 | D:8      | Reached * piety under Sif Muna
 10509 | D:8      | Reached skill level 8 in Conjurations
 10640 | D:8      | Found a staircase to the Lair.
 11010 | D:8      | Identified the +3 ring mail "Talikosu" {SInv}
 11041 | D:9      | Learned a level 3 spell: Inner Flame
 11046 | D:9      | Learned a level 4 spell: Flame Wave
 11075 | D:9      | Learned a level 5 spell: Fireball
 12245 | D:10     | Entered Level 10 of the Dungeon
 12269 | D:10     | Noticed a two-headed ogre
 12755 | D:10     | Found Roybbidgh's Weapon Boutique.
 13118 | D:10     | Killed a two-headed ogre
 13119 | D:10     | Reached XP level 11. HP: 66/66 MP: 16/21
 13200 | D:10     | Found an ancient bone altar of Kikubaaqudgha.
 13244 | D:10     | Noticed a two-headed ogre
 13262 | D:10     | Killed a two-headed ogre
 13263 | D:10     | Reached skill level 9 in Conjurations
 13267 | D:10     | Reached ** piety under Sif Muna
 13430 | D:10     | Noticed an eight-headed hydra
 13598 | D:10     | Noticed a seven-headed hydra
 13608 | D:10     | Slain by an eight-headed hydra

Illustrated notes

Levels and vault maps discovered:
D:1:      dpeg_arrival_tiny_i, layout_loops_ring
D:2:      layout_loops_cross, hellmonk_ecumenical_altar_arch_garden
D:3:      layout_loops_ring, serial_undead, serial_undead_e, serial_undead_f,
          serial_undead_c, serial_undead_a, serial_undead_e, serial_undead_b,
          serial_undead_c
D:4:      layout_rooms, grunt_temple_overflow_diamond, uniq_grinder
D:5:      layout_gridville, kennysheep_mini_moat, led_xom_imps,
          evilmike_ruin_ashenzari, serial_shops, nicolae_shop_statue_plus,
          solitary_fountain
D:6:      layout_gridville, tgw_fedhas
D:7:      layout_loops_ring, minmay_temple_entry_drinking_statues,
          minmay_shop_mayhem, kennysheep_crisscross, uniq_pikel
D:8:      layout_basic, grunt_lair_entry_orc_guard_hut
D:9:      layout_loops_ring, serial_rivers, chequers_serial_rivers_large_b,
          chequers_serial_rivers_small_3, chequers_serial_rivers_micro_a,
          chequers_serial_rivers_marsh, chequers_serial_rivers_marsh,
          minivault_22, fungi_pond_lemuel
D:10:     layout_basic, kiku_gazebo_garden_becter, serial_shops, shop,
          minmay_fractal_squares_gapless_7
Temple:   jpeg_temple_clearing

Skill      XL: |  1  2  3  4  5  6  7  8  9 10 11 |
---------------+----------------------------------+-----
Armour         | 1 2 3 4 5 7 |  7.3
Fighting       | 1 2 3 4 5 6 |  6.8
Conjurations   | 2 3 4 5 7 8 9 |  9.2
Dodging        | 3 4 5 6 7 |  7.8
Fire Magic     | 4 5 6 8 |  8.3
Spellcasting   | 3 4 5 6 |  6.5
Short Blades   | 1 2 3 |  3.2
Stealth        | |  2.0

Action                   |  1- 3 |  4- 6 |  7- 9 | 10-12 || total
-------------------------+-------+-------+-------+-------++-------
Melee: Unarmed           |    28 |       |       |       ||    28
       Kick              |     6 |    12 |    40 |    48 ||   106
       Peck              |     1 |     6 |    24 |    23 ||    54
       Short sword       |       |    63 |   144 |   136 ||   343
       Punch             |       |       |     3 |     1 ||     4
 Cast: Foxfire           |    59 |    11 |    75 |    61 ||   206
       Scorch            |       |       |    12 |    40 ||    52
       Conjure Flame     |       |       |     1 |     7 ||     8
  Use: Scroll            |     3 |     2 |    11 |     3 ||    19
       Potion            |       |     2 |       |       ||     2
 Stab: Sleeping          |       |     4 |     9 |     1 ||    14
       Distracted        |       |       |     1 |       ||     1
Armor: Robe              |    15 |     2 |     9 |     5 ||    31
       Ring mail         |       |       |       |    19 ||    19
Dodge: Dodged            |    50 |    37 |   124 |   137 ||   348

Table legend: (Time is in decaauts)
 A = Elapsed time spent in this place.
 B = Non-inter-level travel time spent in this place.
 C = Inter-level travel time spent in this place.
 D = Time resting spent in this place.
 E = Time spent auto-exploring this place.
 F = Levels seen in this place.
 G = Mean time per level.
                   A        B        C        D        E       F      G
               +--------+--------+--------+--------+--------+-----+--------+
         Total |  13096 |  12676 |    420 |   1125 |   9726 |  11 | 1190.5 |
       Dungeon |  12970 |  12590 |    380 |   1125 |   9651 |  10 | 1297.0 |
        Temple |    126 |     87 |     39 |      0 |     74 |   1 |  126.0 |
               +--------+--------+--------+--------+--------+-----+--------+

Top non-repeatable levels by time:
     D:5: 1648 daAuts
     D:4: 1537 daAuts
     D:8: 1497 daAuts
     D:7: 1431 daAuts
     D:9: 1239 daAuts
     D:1: 1231 daAuts
    D:10: 1200 daAuts
     D:2: 1113 daAuts
     D:6: 1083 daAuts
     D:3: 987 daAuts
  Temple: 126 daAuts
